 Dungeon Crawl Stone Soup version 0.31.0-12-g77e489cdc1 (webtiles) character file.

Game seed: 1672481426884869086

1482 Gadfly the Trooper (level 8, -2/84 HPs)
             Began as an Oni Berserker on Feb 23, 2024.
             Was an Elder of Trog.
             Slain by a water moccasin (8 damage)
             ... on level 5 of the Dungeon.
             The game lasted 00:06:10 (4727 turns).

Gadfly the Trooper (Oni Berserker)                  Turns: 4727, Time: 00:06:10

Health: -2/84      AC:  8    Str: 22    XL:     8   Next: 79%
Magic:  8/8        EV: 10    Int:  8    God:    Trog [****..]
Gold:   245        SH:  0    Dex: 10    Spells: 7/7 levels left

rFire   . . .        b - +1 dagger (venom)
rCold   . . .        (no shield)
rNeg    . . .        e - +1 animal skin
rPois   .            (helmet restricted)
rElec   .            (no cloak)
rCorr   .            (gloves unavailable)
SInv    .            (boots unavailable)
Will    ++...        (no amulet)
Stlth   +            d - +4 ring of protection
HPRegen 1.34/turn    (no ring)
MPRegen 0.11/turn

%: no passive effects
@: lethally poisoned (-2 -> -3), strong-willed, regenerating
A: large, unfitting armour, horns 1, tough skin 1, double potion healing,
drunken brawling
a: Renounce Religion, Berserk, Trog's Hand, Brothers in Arms


You were on level 5 of the Dungeon.
You worshipped Trog.
Trog was greatly pleased with you.
You visited 1 branch of the dungeon, and saw 5 of its levels.
You also visited: Sewer.

You collected 245 gold pieces.

Inventory:

Hand Weapons
 a - a +0 flail
 b - a +1 dagger of venom (weapon)
 c - a +2 antimagic dagger
Armour
 e - a +1 animal skin (worn)
Jewellery
 d - a +4 ring of protection (left hand)
 j - a ring of ice
Scrolls
 i - a scroll of summoning
 k - a scroll of brand weapon {unknown}
 l - a scroll of teleportation
Potions
 f - a potion of enlightenment
 g - a potion of haste
 m - a potion of magic


   Skills:
 + Level 6.7 Fighting
 * Level 6.5 Maces & Flails
 * Level 4.7 Armour
 - Level 3.0 Dodging
 * Level 4.4 Evocations


You had 7 spell levels left.
You didn't know any spells.
Your spell library was empty.

Dungeon Overview and Level Annotations

Branches:
Dungeon (5/15)             Temple (0/1) D:4           Sewer (visited)

Altars:
Kikubaaqudgha
Sif Muna


Innate Abilities, Weirdness & Mutations

You are too large for most types of armour.
You have a pair of small horns on your head.
You have tough skin. (AC +1)
You gain doubled healing and magic from potions.
Whenever you drink a healing potion, you attack all around you.


Message History

You are poisoned.
The water moccasin poisons you!
You closely miss the water moccasin.
Your headbutt misses the water moccasin.
The water moccasin is heavily wounded.
You feel very sick. The water moccasin bites you.
The water moccasin barely misses you.
You are too injured to fight recklessly!
You are too injured to fight recklessly!
You are too injured to fight recklessly!
You are too injured to fight recklessly!
You are too injured to fight recklessly!
You hit the water moccasin.
Your headbutt misses the water moccasin.
The water moccasin is heavily wounded.
You feel very sick. The water moccasin bites you!
You are more poisoned.
The water moccasin poisons you!
You hit the water moccasin but do no damage.
You headbutt the water moccasin.
The water moccasin is severely wounded.
You feel very sick. The water moccasin bites you!
* * * LOW HITPOINT WARNING * * *
The water moccasin bites you but does no damage.
Your skin crawls.
You feel strong-willed.
You feel very sick. The water moccasin bites you.
* * * LOW HITPOINT WARNING * * *
You closely miss the water moccasin.
The water moccasin is severely wounded.
You feel sick. The water moccasin closely misses you.
You miss the water moccasin.
The water moccasin is severely wounded.
You feel sick. The water moccasin bites you.
* * * LOW HITPOINT WARNING * * *
The water moccasin bites you!
You die...

#..[####............###.......
##....###.........### #.......
#>##..##.........# #.......
#.###.##.........# ##.......
#.# #.##.........####...#####
#.# #>..........%...#)### #.#
###..###......#.#.##### #.#
##.# #S####.........# #.# #.#
#@# #...)..###..# #.# #.###.#
#........# ...
#.....###.[...##.# ##
###.#).##.....# <.#
##.#####...##.†......# .#
...h.....#######.....# #
....?....# #.....# .........#
#....S# .........# #.....#


You could see a water moccasin.

Vanquished Creatures
  2 ice beasts
  An ogre (D:5)
  4 kobold brigands (Sewer)
  2 brain worms (Sewer)
  2 scorpions (D:4)
  4 killer bees (D:5)
  A howler monkey (D:5)
  2 bombardier beetles (D:3)
  2 hounds
  An orc priest (D:4)
  An iguana (D:5)
  An orc wizard (D:5)
  3 river rats (Sewer)
  14 adders
  A white imp (D:5)
  A ribbon worm (D:4)
  6 orcs
  12 ball pythons
  11 endoplasms
  3 giant cockroaches
  9 goblins
  9 hobgoblins
  13 jackals
  10 kobolds
  2 quokkas
  4 bats
  4 frilled lizards
  9 rats
134 creatures vanquished.

Vanquished Creatures (others)
  An orc wizard (D:5)
1 creature vanquished.

Grand Total: 135 creatures vanquished

Notes
Turn   | Place    | Note
-------+----------+-------------------------------------------
     0 | D:1      | Gadfly the Oni Berserker began the quest for the Orb.
     0 | D:1      | Reached XP level 1. HP: 24/24 MP: 1/1
   190 | D:1      | Reached XP level 2. HP: 32/32 MP: 2/2
   595 | D:1      | Reached XP level 3. HP: 39/39 MP: 3/3
   651 | D:2      | Reached skill level 1 in Evocations
   771 | D:2      | Reached ** piety under Trog
   837 | D:2      | Reached XP level 4. HP: 46/49 MP: 4/4
   966 | D:2      | Reached skill level 1 in Armour
  1344 | D:3      | Noticed an ice beast
  1353 | D:3      | Reached XP level 5. HP: 51/55 MP: 5/5
  1381 | D:3      | HP: 1/55 [ice beast (14)]
  1382 | D:3      | Killed an ice beast
  1383 | D:3      | Reached XP level 6. HP: 2/65 MP: 6/6
  1385 | D:3      | Reached skill level 5 in Fighting
  2182 | D:3      | Reached *** piety under Trog
  2340 | D:4      | Found a staircase to the Ecumenical Temple.
  2343 | D:4      | Found a glowing drain.
  2358 | Sewer    | Entered a sewer
  2523 | Sewer    | Reached XP level 7. HP: 50/72 MP: 7/7
  2637 | Sewer    | Reached skill level 5 in Maces & Flails
  3656 | D:4      | Found a shimmering blue altar of Sif Muna.
  3701 | D:4      | Found an ancient bone altar of Kikubaaqudgha.
  3740 | D:4      | Reached XP level 8. HP: 70/83 MP: 8/8
  3981 | D:4      | Reached **** piety under Trog
  4306 | D:5      | Entered Level 5 of the Dungeon
  4589 | D:5      | HP: 4/84 [poisoned by a killer bee]
  4594 | D:5      | HP: 4/84 [poisoned by a killer bee]
  4727 | D:5      | Slain by a water moccasin

Illustrated notes

Levels and vault maps discovered:
D:1:      dpeg_arrival_tiny_k, layout_loops_ring, serial_glass, glass_columns_b,
          glass_columns_b, kennysheep_crisscross
D:2:      layout_basic
D:3:      layout_basic
D:4:      minmay_wonky_spiral, layout_loops_corners,
          mainiacjoe_overflow_alcove_2, mainiacjoe_overflow_chevrons,
          minmay_temple_entry_drinking_statues, portal_sewer_entry_a
D:5:      layout_rooms, fedhas_altar_fruit_tree

Skill      XL: |  1  2  3  4  5  6  7  8 |
---------------+-------------------------+-----
Dodging        | 3 |  3.0
Evocations     | 1 2 3 4 |  4.4
Armour         | 1 2 3 4 |  4.7
Maces & Flails | 4 5 6 |  6.5
Fighting       | 5 6 |  6.7

Action                     |  1- 3 |  4- 6 |  7- 9 || total
---------------------------+-------+-------+-------++-------
  Melee: Mace              |    76 |   180 |   125 ||   381
         Headbutt          |     9 |    29 |    46 ||    84
         Punch             |     1 |     1 |     3 ||     5
         Dagger            |       |       |    43 ||    43
         Flail             |       |       |    27 ||    27
 Invoke: Trog's Hand       |       |       |     2 ||     2
         Berserk           |       |       |     1 ||     1
    Use: Scroll            |     1 |     2 |     4 ||     7
         Potion            |       |     1 |     5 ||     6
   Stab: Sleeping          |       |     2 |       ||     2
 Armour: Animal skin       |    50 |   114 |   141 ||   305
  Dodge: Dodged            |    41 |    91 |    84 ||   216
